 Dungeon Crawl Stone Soup version 0.30.0 (webtiles) character file.

Game seed: 4885191462222493327

2013 apoch the Basher (level 9, -6/59 HPs)
             Began as a Gargoyle Fighter on May 5, 2023.
             Was a Believer of Okawaru.
             Killed by nerve-wracking pain
             ... invoked by an orc priest
              (7 damage)
             ... on level 8 of the Dungeon.
             The game lasted 00:11:49 (7081 turns).

apoch the Basher (Gargoyle Fighter)                 Turns: 7081, Time: 00:11:49

Health: -6/59      AC: 22    Str: 25    XL:     9   Next: 22%
Magic:  7/9        EV: 10    Int:  8    God:    Okawaru [**....]
Gold:   496        SH:  5    Dex:  9    Spells: 8/8 levels left

rFire   . . .        a - +0 flail
rCold   . . .        c - +0 buckler
rNeg    + . .        o - +0 chain mail
rPois   ∞            j - +2 helmet
rElec   +            (no cloak)
rCorr   +            m - +0 pair of gloves
SInv    .            (no boots)
Will    .....        (no amulet) Stlth
                     y - +4 ring of slaying
HPRegen 0.29/turn    I - ring of resist corrosion
MPRegen 0.11/turn

%: no passive effects
@: heroic
A: sickness immunity, AC +6, negative energy resistance 1, electricity
resistance, torment resistance 1, petrification resistance
a: Renounce Religion, Heroism


You were on level 8 of the Dungeon.
You worshipped Okawaru.
Okawaru was pleased with you.
You visited 2 branches of the dungeon, and saw 9 of its levels.

You collected 496 gold pieces.

Inventory:

Hand Weapons
 a - a +0 flail (weapon)
 p - a +0 flail
Missiles
 s - 8 boomerangs
 z - 2 curare-tipped darts
 D - 5 atropa-tipped darts
Armour
 b - a +0 scale mail
 c - a +0 buckler (worn)
 j - a +2 helmet (worn)
 m - a +0 pair of gloves (worn)
 o - a +0 chain mail (worn)
Jewellery
 r - a ring of ice
 t - a ring of fire
 y - a +4 ring of slaying (left hand)
 I - a ring of resist corrosion (right hand)
 K - a ring of protection from cold
 L - a ring of poison resistance
Wands
 A - a wand of polymorph (7)
 F - a wand of light (6)
 J - a wand of flame (22)
Scrolls
 e - 4 scrolls of identify
 f - a scroll of fog
 h - a scroll of vulnerability
 k - a scroll of teleportation
 q - a scroll of immolation
 G - a scroll of poison {unknown}
 H - a scroll of blinking
 N - a scroll of fear {unknown}
Potions
 d - a potion of might
 g - a potion of attraction
 i - a potion of magic
 l - 2 potions of curing
 n - 2 potions of berserk rage {unknown}
 u - a potion of heal wounds {unknown}
 v - a potion of degeneration {unknown}
 w - a potion of brilliance {unknown}
 x - 2 potions of ambrosia
 B - a potion of haste {unknown}
 C - a potion of invisibility {unknown}
 E - 2 potions of flight {unknown}
 M - a potion of resistance


   Skills:
 * Level 8.1(13.1) Fighting
 - Level 10.0(15.0) Maces & Flails
 - Level 3.2(8.2) Armour
 - Level 3.2(8.2) Shields


You had 8 spell levels left.
You didn't know any spells.
Your spell library contained the following spells:

 Spells                   Type           Power      Damage    Failure   Level
 Ensorcelled Hibernation  Hex/Ice        0%         N/A       97%         2
 Wereblood                Tmut           0%         N/A       97%         2
 Portal Projectile        Hex/Tloc       0%         N/A       100%        3
 Spider Form              Tmut/Pois      0%         N/A       100%        3
 Anguish                  Hex/Necr       0%         N/A       100%        4
 Blade Hands              Tmut           0%         N/A       100%        5
 Sublimation of Blood     Necr           Unusable   N/A       N/A         2
 Tukima's Dance           Hex            Unusable   N/A       N/A         3
 Summon Hydra             Summ           Unusable   N/A       N/A         7

Dungeon Overview and Level Annotations

Branches:
Dungeon (8/15)             Temple (1/1) D:4
   Lair: D:8-11

Altars:
Ashenzari
Cheibriados
Dithmenos
Elyvilon
Fedhas
Gozag
Hepliaklqana
Makhleb
Nemelex Xobeh
Okawaru
Qazlal
Ru
Trog
Uskayaw
Vehumet
Wu Jian
Xom
The Shining One


Innate Abilities, Weirdness & Mutations

You are immune to sickness and miasma.
Your stone body is resilient. (AC +6)
You are immune to poison.
You resist negative energy. (rN+)
You are resistant to electric shocks. (rElec)
You are resistant to unholy torment.
You are immune to petrification.


Message History

The orc priest is almost dead.
The orc hits you but does no damage.
The orc priest invokes the aid of Beogh against you.
Beogh smites you!
You sock the orc priest!
You kill the orc priest!
Okawaru accepts your kill. The orc closely misses you.
You hit the orc priest.
The orc priest is lightly wounded.
The orc hits you but does no damage.
The orc priest hits you but does no damage.
The orc attacks as you move away! The orc hits you but does no damage.
The orc attacks as you move away! You block the orc's attack.
The orc attacks as you move away! The orc hits you but does no damage.
The orc priest calls down the wrath of Beogh upon you.
Beogh smites you! The orc attacks as you move away!
The orc hits you but does no damage.
The orc priest calls down the wrath of Beogh upon you.
Beogh smites you! The orc attacks as you move away! You block the orc's attack.
The orc attacks as you move away! The orc hits you but does no damage.
The orc attacks as you move away! The orc hits you but does no damage.
The orc priest invokes the aid of Beogh against you.
Beogh smites you!
* * * LOW HITPOINT WARNING * * *
You gain the combat prowess of a mighty hero.
The orc barely misses you.
You hit the orc.
The orc is severely wounded.
You hit the orc.
You kill the orc!
Okawaru accepts your kill.
The orc priest invokes the aid of Beogh against you.
Beogh smites you!
* * * LOW HITPOINT WARNING * * *
Okay, then.
The orc priest mumbles some strange prayers to Beogh against you.
Pain shoots through your body!
You die...

..
#.###...###.....
#.
#..#.........>..
.#
#.....#.##......
#.###....#..# ..
#..##..o##..#.. .
#..##..## .#...
####..#..##......
#......)........##
##...@..........#
##.....#........#
##....###.........
###†...##
#..######.
#..##..# ##.#
#####.## #.#
#.###.# ..#
##.#..# .. #....##
.


You could see an orc priest.

Vanquished Creatures
  An ice beast (D:7)
  3 sky beasts
  2 ogres
  A phantom (D:6)
  2 scorpions (D:6)
  11 killer bees
  A howler monkey (D:5)
  2 hounds (D:6)
  5 jellies
  2 orc priests
  4 orc wizards
  7 iguanas
  Robin (D:1)
  8 adders
  2 white imps
  2 ufetubi (D:4)
  2 worms
  A dart slug (D:1)
  23 orcs
  A bat (D:1)
  6 endoplasms
  7 giant cockroaches
  3 hobgoblins
  5 jackals
  4 quokkas
  3 ball pythons
  3 frilled lizards
  23 goblins
  3 kobolds
138 creatures vanquished.

Notes
Turn   | Place    | Note
-------+----------+-------------------------------------------
     0 | D:1      | apoch the Gargoyle Fighter began the quest for the Orb.
     0 | D:1      | Reached XP level 1. HP: 14/14 MP: 1/1
   214 | D:1      | Reached XP level 2. HP: 19/19 MP: 2/2
   252 | D:1      | Reached skill level 3 in Maces & Flails
   394 | D:1      | You fall into a shaft and drop 1 floor!
   409 | D:2      | Reached XP level 3. HP: 17/23 MP: 3/3
   552 | D:2      | Reached skill level 4 in Maces & Flails
   886 | D:1      | Reached XP level 4. HP: 28/28 MP: 4/4
  1296 | D:2      | Noticed Robin
  1480 | D:1      | Killed Robin
  2149 | D:2      | Reached skill level 5 in Maces & Flails
  2149 | D:2      | Reached XP level 5. HP: 29/32 MP: 5/5
  2367 | D:3      | Found a faded altar of an unknown god.
  2868 | D:4      | Found a staircase to the Ecumenical Temple.
  2886 | Temple   | Entered the Ecumenical Temple
  3016 | Temple   | Became a worshipper of Warmaster Okawaru
  3236 | D:4      | Reached skill level 6 in Maces & Flails
  3236 | D:4      | Reached XP level 6. HP: 35/37 MP: 6/6
  3449 | D:4      | Found a sacrificial altar of Ru.
  3505 | D:4      | Reached skill level 7 in Maces & Flails
  3519 | D:4      | Reached XP level 7. HP: 30/41 MP: 7/7
  3526 | D:4      | Reached * piety under Okawaru
  3858 | D:5      | Entered Level 5 of the Dungeon
  4245 | D:5      | Reached skill level 8 in Maces & Flails
  5167 | D:5      | Reached skill level 9 in Maces & Flails
  5167 | D:5      | Reached XP level 8. HP: 45/46 MP: 8/8
  6039 | D:6      | Reached skill level 5 in Fighting
  6140 | D:6      | Found an ornate altar of the Wu Jian Council.
  6146 | D:6      | Found a stormy altar of Qazlal.
  6152 | D:6      | Found a sparkling altar of Nemelex Xobeh.
  6152 | D:6      | Found an opulent altar of Gozag.
  6158 | D:6      | Found a shimmering altar of Xom.
  6240 | D:6      | Reached ** piety under Okawaru
  6345 | D:7      | Reached skill level 10 in Maces & Flails
  6591 | D:7      | Reached XP level 9. HP: 54/56 MP: 9/9
  7080 | D:8      | HP: 1/59 [orc priest/divine providence (10)]
  7081 | D:8      | Killed from afar by an orc priest

Illustrated notes

Levels and vault maps discovered:
D:1:      elethiomel_arrival_infinity_welcomes_careful_drivers, layout_basic
D:2:      layout_basic, uniq_robin
D:3:      layout_loops_ring, hellmonk_ecumenical_altar_blasted
D:4:      layout_rooms, lemuel_doored_altar, minmay_temple_entry_proselytizer
D:5:      layout_layer_cave
D:6:      layout_gridville, nicolae_overflow_hallway_of_the_gods,
          corner_web_ring
D:7:      layout_basic
D:8:      layout_layer_cave, serial_shops,
          nicolae_shop_competitors_out_of_business, minmay_misc_feat_columns,
          uniq_grum, uniq_prince_ribbit1
Temple:   minmay_temple_bridge_abc

Skill      XL: |  1  2  3  4  5  6  7  8  9 |
---------------+----------------------------+-----
Maces & Flails | 3 4 5 6 7 9 10 | 10.0
Fighting       | 6 8 |  8.1
Armour         | |  3.2
Shields        | |  3.2

Action                     |  1- 3 |  4- 6 |  7- 9 || total
---------------------------+-------+-------+-------++-------
  Melee: Flail             |    96 |   245 |   173 ||   514
  Throw: Stone             |     5 |     2 |    36 ||    43
         Boomerang         |       |     2 |       ||     2
         Dart              |       |       |    27 ||    27
 Invoke: Heroism           |       |       |     1 ||     1
    Use: Potion            |     1 |       |     1 ||     2
         Scroll            |       |       |    10 ||    10
   Stab: Invisible         |       |       |     1 ||     1
 Armour: Scale mail        |    51 |    37 |       ||    88
         Chain mail        |       |    91 |    89 ||   180
  Dodge: Dodged            |    51 |   109 |    44 ||   204
  Block: Buckler           |    34 |    41 |    29 ||   104
